 Dungeon Crawl Stone Soup version 0.31-a0-1570-g93c622d222 (webtiles) character file.

Game seed: 8059478562044696308

392 hikkokomori the Digger (level 6, -8/37 HPs)
             Began as a Gargoyle Earth Elementalist on Jan 4, 2024.
             Mangled by a wyvern zombie (10 damage)
             ... on level 6 of the Dungeon.
             The game lasted 00:05:53 (2668 turns).

hikkokomori the Digger (GrEE)                       Turns: 2668, Time: 00:05:54

Health: -8/37      AC:  7    Str: 11    XL:     6   Next: 81%
Magic:  0/9        EV: 12    Int: 18    God:
Gold:   140        SH:  0    Dex: 10    Spells: 5/9 levels left

rFire   . . .        c - +0 short sword
rCold   . . .        (no shield)
rNeg    + . .        a - +0 robe
rPois   ∞            (no helmet)
rElec   +            (no cloak)
rCorr   .            (no gloves)
SInv    .            e - +0 pair of boots
Will    .....        (no amulet)
Stlth   ++           (no ring)
HPRegen 0.26/turn    (no ring)
MPRegen 0.11/turn

%: no passive effects
@: no status effects
A: sickness immunity, AC +4, negative energy resistance 1, electricity
resistance, torment resistance 1, petrification resistance
a: no special abilities


You were on level 6 of the Dungeon.
You visited 1 branch of the dungeon, and saw 4 of its levels.

You collected 140 gold pieces.

Inventory:

Hand Weapons
 c - a +0 short sword (weapon)
Armour
 a - a +0 robe (worn)
 e - a +0 pair of boots (worn)
 m - a +0 helmet
Jewellery
 i - an amulet of guardian spirit
 k - a ring of flight
Scrolls
 d - a scroll of vulnerability
 g - a scroll of teleportation
 h - a scroll of torment
 j - a scroll of fear
 l - a scroll of brand weapon
 o - a scroll of fog
Potions
 b - a potion of magic
 f - a potion of curing {unknown}
 n - a potion of enlightenment
 p - a potion of heal wounds {unknown}


   Skills:
 + Level 3.3 Fighting
 - Level 1.6 Dodging
 + Level 4.5 Stealth
 - Level 2.0 Spellcasting
 + Level 3.7 Conjurations
 + Level 5.3 Earth Magic


You had 5 spell levels left.
You knew the following spells:

 Your Spells              Type           Power      Damage    Failure   Level
a - Sandblast             Erth           42%        2d11      1%          1
b - Stone Arrow           Conj/Erth      36%        3d9       9%          3

Your spell library contained the following spells:

 Spells                   Type           Power      Damage    Failure   Level
 Magic Dart               Conj           60%        1d6       3%          1
 Passwall                 Erth           21%        N/A       6%          3
 Blink                    Tloc           2%         N/A       26%         2
 Call Imp                 Summ           2%         N/A       26%         2
 Ensorcelled Hibernation  Hex/Ice        2%         N/A       26%         2
 Brom's Barrelling Bould  Conj/Erth      18%        2d4       28%         4
 Fugue of the Fallen      Necr           1%         N/A       47%         3
 Petrify                  Alch/Erth      11%        N/A       52%         4
 Anguish                  Hex/Necr       0%         N/A       87%         4


Dungeon Overview and Level Annotations

Branches:
Dungeon (3/15)

Altars:
Cheibriados

Shops:
D:1 !


Innate Abilities, Weirdness & Mutations

You are immune to sickness and miasma.
Your stone body is resilient. (AC +4)
You are immune to poison.
You resist negative energy. (rN+)
You are resistant to electric shocks. (rElec)
You are resistant to unholy torment.
You are immune to petrification.


Message History

The centaur skeleton closely misses you.
The blast of sand hits the centaur skeleton!
You destroy the centaur skeleton!
The blast of sand hits the centaur skeleton!
The centaur skeleton is heavily damaged.
The blast of sand hits the centaur skeleton!
The centaur skeleton is almost destroyed.
The centaur skeleton barely misses you.
The centaur skeleton closely misses you.
The blast of sand hits the centaur skeleton!
You destroy the centaur skeleton!
The wyvern zombie bites you but does no damage.
The wyvern zombie bites you!
The blast of sand hits the wyvern zombie but does no damage.
The wyvern zombie misses you. The wyvern zombie bites you!
You are too injured to fight recklessly!
You are too injured to fight recklessly!
Casting: Sandblast (safe; 1% risk of failure)
Confirm with . or Enter, or press ? or * to list all spells.
Aiming: Sandblast (safe; 1% risk of failure)
Press: ? - help, Shift-Dir - straight line, f/p - wyvern zombie
Aim: a wyvern zombie (94% to hit)
The blast of sand hits the wyvern zombie!
The wyvern zombie is moderately damaged.
The wyvern zombie bites you but does no damage.
The wyvern zombie closely misses you.
The wyvern zombie bites you but does no damage.
The wyvern zombie attacks as it pursues you!
The wyvern zombie bites you.
Casting: Sandblast (safe; 1% risk of failure)
Confirm with . or Enter, or press ? or * to list all spells.
Aiming: Sandblast (safe; 1% risk of failure)
Press: ? - help, Shift-Dir - straight line, f/p - wyvern zombie
Aim: a wyvern zombie (moderately damaged, 94% to hit)
The blast of sand hits the wyvern zombie!
The wyvern zombie is heavily damaged.
The wyvern zombie bites you!
* * * LOW HITPOINT WARNING * * *
The wyvern zombie bites you!
You die...

.......#............>'....
.......#.....##.....###+##
....8..#.....##.....##..##
......?.................#.
........................#.
......##.....##.........#(
..... #.....##.........#.
.... #.Z...#########..#.
..# #.@...##.....##..## .
#......'.....##..##
+......#...........
#####+##...........
########.... #.... ##+## #
#


You could see a wyvern zombie.

Vanquished Creatures
  A bullfrog (D:6)
  A wyvern skeleton (D:6)
  A hound (D:6)
  A bullfrog zombie (D:6)
  3 centaur skeletons (D:6)
  A killer bee zombie (D:6)
  An adder (D:6)
  4 gnolls (D:2)
  A shadow imp (D:6)
  2 ribbon worms (D:2)
  4 orcs
  6 ball pythons
  7 bats
  4 endoplasms
  2 giant cockroaches
  4 goblins
  2 hobgoblins
  2 jackals (D:1)
  3 quokkas
  3 frilled lizards
  3 kobolds
  2 rats
58 creatures vanquished.

Notes
Turn   | Place    | Note
-------+----------+-------------------------------------------
     0 | D:1      | hikkokomori the Gargoyle Earth Elementalist began the quest
                  | for the Orb.
     0 | D:1      | Reached XP level 1. HP: 10/10 MP: 3/3
   127 | D:1      | Found Lapnueta's Distillery.
   140 | D:1      | Reached XP level 2. HP: 15/15 MP: 3/5
   906 | D:2      | Reached skill level 4 in Earth Magic
   956 | D:2      | Reached skill level 1 in Fighting
   956 | D:2      | Reached XP level 3. HP: 11/20 MP: 0/6
  1090 | D:2      | Reached XP level 4. HP: 25/25 MP: 0/7
  1293 | D:2      | Learned a level 3 spell: Stone Arrow
  1598 | D:2      | Found a snail-covered altar of Cheibriados.
  2199 | D:3      | You fall into a shaft and drop 3 floors!
  2251 | D:6      | Reached XP level 5. HP: 30/30 MP: 4/8
  2330 | D:6      | Reached skill level 5 in Earth Magic
  2330 | D:6      | Reached XP level 6. HP: 20/36 MP: 1/9
  2668 | D:6      | Mangled by a wyvern zombie

Illustrated notes

Levels and vault maps discovered:
D:1:      lightli_molten_gateway, layout_basic, serial_shops,
          nicolae_shop_peninsula, chequers_decorated_corner,
          minmay_misc_feat_square
D:2:      layout_loops_cross, basic_altar
D:3:      minmay_diamond_boxcup, layout_loops_cross,
          shapermc_ecumenical_altar_venn, kennysheep_generic_room_14
D:6:      layout_gridville, serial_undead, serial_undead_c, serial_undead_d,
          serial_undead_a, serial_undead_b, uniq_prince_ribbit1

Skill      XL: |  1  2  3  4  5  6 |
---------------+-------------------+-----
Earth Magic    | 4 5 |  5.3
Fighting       | 1 2 3 |  3.3
Conjurations   | 2 3 |  3.7
Stealth        | 3 4 |  4.5
Dodging        | |  1.6
Spellcasting   | |  2.0

Action                     |  1- 3 |  4- 6 || total
---------------------------+-------+-------++-------
  Melee: Unarmed           |    29 |       ||    29
         Short sword       |    18 |    23 ||    41
         Punch             |     1 |     2 ||     3
   Cast: Sandblast         |    41 |    64 ||   105
    Use: Scroll            |     3 |     4 ||     7
 Armour: Robe              |    37 |    77 ||   114
  Dodge: Dodged            |    48 |    52 ||   100

Table legend: (Time is in decaauts)
 A = Elapsed time spent in this place.
 B = Non-inter-level travel time spent in this place.
 C = Inter-level travel time spent in this place.
 D = Time resting spent in this place.
 E = Time spent auto-exploring this place.
 F = Levels seen in this place.
 G = Mean time per level.
                   A        B        C        D        E       F      G
               +--------+--------+--------+--------+--------+-----+--------+
         Total |   2721 |   2688 |     33 |    183 |   2045 |   4 |  680.2 |
       Dungeon |   2721 |   2688 |     33 |    183 |   2045 |   4 |  680.2 |
               +--------+--------+--------+--------+--------+-----+--------+

Top non-repeatable levels by time:
     D:2: 1066 daAuts
     D:1: 1011 daAuts
     D:6: 485 daAuts
     D:3: 158 daAuts
